 Dungeon Crawl Stone Soup version 0.23-a0-475-g3200f6b (webtiles) character file.

27408 Ellandar the Brawler (level 13, -43/199 HPs)
             Began as a Troll Monk on Dec 6, 2018.
             Was the Champion of Wu Jian.
             Killed from afar by a fire dragon (49 damage)
             ... with a blast of flame
             ... on level 2 of the Dungeon.
             The game lasted 00:11:45 (1943 turns).

Ellandar the Brawler (Troll Monk)                   Turns: 1943, Time: 00:11:46

Health: -43/199    AC:  5    Str: 27    XL:     13   Next: 4%
Magic:  12/12      EV: 16    Int:  6    God:    Wu Jian [******]
Gold:   424        SH:  0    Dex: 16    Spells: 12/12 levels left

rFire    . . .     SeeInvis .     - Unarmed
rCold    . . .     Gourm    +   (no shield)
rNeg     . . .     Faith    .   a - +0 robe
rPois    .         Spirit   .   (helmet restricted)
rElec    .         Reflect  .   (no cloak)
rCorr    .         Harm     .   (gloves unavailable)
MR       .....                  (boots unavailable)
Stlth    ..........             (no amulet)
HPRegen  0.83/turn              (no ring)
MPRegen  0.13/turn              (no ring)

@: mighty, berserking, very quick
A: large, unfitting armour, claws 3, fast metabolism 3, gourmand, regeneration
1, shaggy fur 1, tough skin 2
a: Wall Jump, Serpent's Lash, Heavenly Storm, Renounce Religion


You were on level 2 of the Dungeon.
You worshipped Wu Jian.
Wu Jian was exalted by your worship.
You were very full.

You visited 2 branches of the dungeon, and saw 4 of its levels.

You collected 424 gold pieces.

Inventory:

Armour
 a - a +0 robe (worn)
Jewellery
 o - a +2 amulet of reflection {unknown}
Wands
 l - a wand of random effects (11)
Scrolls
 c - a scroll of enchant weapon {unknown}
 d - 4 scrolls of remove curse {unknown}
 h - 4 scrolls of teleportation {unknown}
 i - 2 scrolls of blinking {unknown}
 j - 3 scrolls of magic mapping {unknown}
 k - a scroll of amnesia {unknown}
 m - 5 scrolls of fear {unknown}
 q - 3 scrolls of identify {unknown}
 r - a scroll of enchant armour {unknown}
Potions
 e - 2 potions of haste {unknown}
 f - 3 potions of might
 g - a potion of degeneration {unknown}
 n - a potion of berserk rage
 p - a potion of agility {unknown}
 s - a potion of magic {unknown}
Comestibles
 b - 13 rations


   Skills:
 + Level 9.8 Fighting
 + Level 9.8 Dodging
 - Level 1.0 Stealth
 * Level 15.3 Unarmed Combat


You had 12 spell levels left.
You didn't know any spells.
Your spell library was empty.

Dungeon Overview and Level Annotations

Branches:
Dungeon (3/3)              Temple (1/1) D:1          Shoals (0/1) D:2
  Snake (0/1) D:2             Orc (0/1) D:2          Vaults (0/1) D:3
  Slime: D:2-3       Depths: D:3

Altars:
Ashenzari
Cheibriados
Dithmenos
Elyvilon
Fedhas
Gozag
Kikubaaqudgha
Makhleb
Nemelex Xobeh
Okawaru
Qazlal
Ru
Sif Muna
Trog
Uskayaw
Vehumet
Wu Jian
Xom
Yredelemnul
Zin
The Shining One


Innate Abilities, Weirdness & Mutations

You are too large for most types of armour.
You have claws for hands.
Your metabolism is lightning-fast.
You like to eat raw meat.
Your natural rate of healing is unusually fast.
You are covered in fur. (AC +1)
You have very tough skin. (AC +2)


Message History

You completely miss the human.
The human is moderately wounded.
The fire dragon bites you.
* * * LOW HITPOINT WARNING * * *
The fire dragon barely misses you. The fire dragon tramples you.
* * * LOW HITPOINT WARNING * * *
You hold your ground!
You claw the human!
The human is heavily wounded.
The human completely misses you. The fire dragon bites you!
* * * LOW HITPOINT WARNING * * *
The fire dragon claws you!
* * * LOW HITPOINT WARNING * * *
The fire dragon tramples you but does no damage.
It was a potion of berserk rage.
A red film seems to cover your vision as you go berserk!
You feel yourself moving faster!
You feel mighty! The human closely misses you.
The fire dragon breathes flames at you. The blast of flame hits you!
You die...

#...........# ##.#.##
#...######### #.###.#
#...# ##.#.## ### #...#
#.#)#.# #.## #...#
##.#.## #..#### #(..#
#.###.# #<....####...#
##.#.##
##......#....#########
#.#.#.#
###....#....##@pDp..#
##.#.##
###...[...##D######
#.###.# #......#.###.#
##.#.##
####.###........######
#.#.#.#
#....##.....###......#
##.#.##
##.#####.#.......######
#.###.# #..#
#.##..#....#####
##(#.## ..##
#....).........#
#.#.#.#
########..............#
##.#.##


You could see 2 fire dragons and 2 humans.

Vanquished Creatures
  An ugly thing (D:2)
  4 merfolk sirens (D:2)
  2 centaur zombies (D:2)
  A centaur skeleton (D:2)
  A troll (D:2)
  A vampire mosquito (D:2)
  A human (D:2)
  A soldier ant (D:2)
  3 nagas (D:2)
  4 orc warriors (D:2)
  A sky beast (D:1)
  A black bear (D:2)
  3 ogres (D:2)
  2 centaurs (D:1)
  7 big kobolds (D:2)
  3 gnoll sergeants (D:2)
  2 scorpions
  A wight (D:2)
  2 crimson imps (D:1)
  A jelly (D:2)
  2 worker ants (D:1)
  Robin (D:2)
  2 adders (D:1)
  A gnoll (D:1)
  A shadow imp (D:1)
  2 leopard geckos (D:1)
  7 orcs
  8 goblins (D:2)
  2 hobgoblins (D:2)
  A quokka skeleton (D:1)
69 creatures vanquished.

Notes
Turn   | Place    | Note
-------+----------+-------------------------------------------
     0 | D:1      | Ellandar the Troll Monk began the quest for the Orb.
     0 | D:1      | Reached XP level 1. HP: 22/22 MP: 0/0
    10 | D:1      | Reached XP level 2. HP: 25/29 MP: 1/1
    48 | D:1      | Noticed a centaur
    55 | D:1      | Killed a centaur
    55 | D:1      | Reached skill level 5 in Unarmed Combat
    55 | D:1      | Reached XP level 3. HP: 33/39 MP: 2/2
    55 | D:1      | Reached XP level 4. HP: 40/48 MP: 3/3
    55 | D:1      | Reached XP level 5. HP: 46/54 MP: 4/4
    55 | D:1      | Reached XP level 6. HP: 52/62 MP: 5/5
    74 | D:1      | Reached skill level 6 in Unarmed Combat
    74 | D:1      | Reached XP level 7. HP: 68/70 MP: 6/6
   100 | D:1      | Found a staircase to the Ecumenical Temple.
   110 | Temple   | Entered the Ecumenical Temple
   183 | Temple   | Became a worshipper of the Wu Jian Council
   183 | Temple   | Reached * piety under Wu Jian
   220 | D:1      | Reached ** piety under Wu Jian
   244 | D:1      | Reached skill level 7 in Unarmed Combat
   257 | D:1      | Reached XP level 8. HP: 79/79 MP: 7/7
   388 | D:1      | Found a sacrificial altar of Ru.
   427 | D:1      | Found a shimmering altar of Xom.
   512 | D:1      | Reached skill level 5 in Fighting
   512 | D:1      | Reached skill level 5 in Dodging
   512 | D:1      | Reached skill level 8 in Unarmed Combat
   536 | D:1      | Found a blossoming altar of Fedhas.
   696 | D:1      | Reached *** piety under Wu Jian
   710 | D:1      | Reached skill level 9 in Unarmed Combat
   710 | D:1      | Reached XP level 9. HP: 88/88 MP: 8/8
   830 | D:1      | Found a stormy altar of Qazlal.
   830 | D:1      | Found a basalt altar of Yredelemnul.
   940 | D:2      | Reached skill level 10 in Unarmed Combat
   940 | D:2      | Reached XP level 10. HP: 86/100 MP: 9/9
   980 | D:2      | Found a staircase to the Shoals.
   980 | D:2      | Noticed a merfolk siren
   981 | D:2      | Noticed a merfolk siren
   982 | D:2      | Noticed a merfolk siren
   983 | D:2      | Noticed a merfolk siren
   984 | D:2      | Killed a merfolk siren
   984 | D:2      | Reached skill level 11 in Unarmed Combat
   991 | D:2      | Killed a merfolk siren
   991 | D:2      | Reached skill level 12 in Unarmed Combat
   995 | D:2      | Killed a merfolk siren
   995 | D:2      | Reached XP level 11. HP: 66/111 MP: 10/10
  1035 | D:2      | Reached **** piety under Wu Jian
  1035 | D:2      | Reached skill level 13 in Unarmed Combat
  1067 | D:2      | Found a staircase to the Snake Pit.
  1081 | D:2      | Reached XP level 12. HP: 70/122 MP: 11/11
  1152 | D:2      | Reached ***** piety under Wu Jian
  1162 | D:2      | Reached skill level 14 in Unarmed Combat
  1273 | D:2      | Noticed Robin
  1280 | D:2      | Killed Robin
  1437 | D:2      | Found a staircase to the Orcish Mines.
  1483 | D:2      | Reached ****** piety under Wu Jian
  1486 | D:2      | Reached skill level 15 in Unarmed Combat
  1778 | D:2      | Reached XP level 13. HP: 120/133 MP: 12/12
  1929 | D:3      | Entered Level 3 of the Dungeon
  1929 | D:3      | Found a gate to the Vaults.
  1929 | D:3      | Noticed a fire dragon
  1929 | D:3      | Noticed a fire dragon
  1942 | D:2      | HP: 3/133 [fire dragon (7)]
  1943 | D:2      | Killed from afar by a fire dragon

Vault maps used:
D:1:      scummos_arrival_forest, lemuel_round_altar,
          nicolae_overflow_hidden_temple, gammafunk_temple_overflow_wave,
          xom_butterflies, overflow_temple_1_default, temple_statues
D:2:      elwin_shoals_entry_stream, minmay_snake_entry_guardpost_small,
          kennysheep_orc_monster_closet_entryway, roderic_roman_lattice,
          wad_woods_river_04, uniq_robin
D:3:      grunt_enter_depths_hoard, slime_altar_2, david_vaults_3,
          serial_co_window_serial, co_window_paths_a, co_window_corner_a,
          co_window_corner_a, co_window_of_opportunity_a, co_window_corner_a,
          co_window_of_opportunity_b, co_window_paths_c, co_window_corner_b,
          co_window_paths_c, glass_columns_a, glass_columns_c, glass_columns_b,
          chequers_serial_rivers_room_a, uniq_jessica
Temple:   nicolae_temple_x_marks_the_god

Skill      XL: |  1  2  3  4  5  6  7  8  9 10 11 12 |
---------------+-------------------------------------+-----
Fighting       | 3 4 5 6 7 8 9 |  9.8
Dodging        | 3 4 5 6 7 8 9 |  9.8
Unarmed Combat | 5 6 7 9 10 12 13 15 | 15.3
Stealth        | |  1.0

Action                   |  1- 3 |  4- 6 |  7- 9 | 10-12 | 13-15 || total
-------------------------+-------+-------+-------+-------+-------++-------
Melee: Unarmed           |     9 |     3 |    66 |   131 |    10 ||   219
       Punch             |       |       |     4 |    11 |     2 ||    17
Invok: Lunge             |       |       |     9 |    11 |     1 ||    21
       Whirlwind         |       |       |     4 |     2 |       ||     6
  Use: Potion            |       |       |       |     1 |     2 ||     3
 Stab: Sleeping          |     1 |       |     1 |     2 |       ||     4
  Eat: Chunk             |       |       |     3 |    15 |       ||    18
       Ration            |       |       |     1 |       |       ||     1
Armor: Robe              |     3 |       |    12 |     8 |     1 ||    24
Dodge: Dodged            |     5 |     1 |    17 |    54 |    15 ||    92

Table legend:
 A = Non-vault XP
 B = Vault XP
 C = Vault XP percentage of total XP
 D = Non-vault monster count
 E = Vault monster count
 F = Vault count percentage of total count
                 A         B        C        D         E       F
            +---------+---------+-------+---------+---------+-------
      Total |   17210 |   21945 |  56.0 |      30 |      39 |  56.5
            +---------+---------+-------+---------+---------+-------
        D:1 |    3240 |       0 |   0.0 |      16 |       0 |   0.0
        D:2 |   13970 |   21945 |  61.1 |      14 |      39 |  73.6
            +---------+---------+-------+---------+---------+-------
